 Dungeon Crawl Stone Soup version 0.19.5 (webtiles) character file.

29 dittoslash the Sneak (level 3, -1/16 HPs)
             Began as a Spriggan Enchanter on Apr 17, 2017.
             Slain by a bullfrog (5 damage)
             ... on level 3 of the Dungeon.
             The game lasted 00:12:51 (1223 turns).

dittoslash the Sneak (Spriggan Enchanter)           Turns: 1223, Time: 00:12:52

Health: -1/16      AC:  5    Str:  7 (9)  XL:     3   Next: 1%
Magic:  8/8        EV: 18    Int: 15 (16) God:
Gold:   28         SH:  0    Dex: 13 (16) Spells: 1 memorised, 7 levels left

rFire  . . .     SeeInvis +     e - +0 hand axe {banned axe}
rCold  . . .     Gourm    .     b - +1 robe {roeb}
rNeg   . . .     Faith    .     (shield restricted)
rPois  .         Spirit   .     (helmet restricted)
rElec  .         Reflect  .     (no cloak)
rCorr  .         Harm     .     (gloves unavailable)
MR     .....                    (boots unavailable)
Stlth  +++.......               (no amulet)
                                (no ring)
                                h - +4 ring of strength {strengh reng}

@: very quick
A: unfitting armour, horns 1, molten scales 1, see invisible, herbivore 3, speed
3, slow metabolism 2, sturdy frame 1
a: no special abilities


You were on level 3 of the Dungeon.
You were not hungry.

You visited 1 branch of the dungeon, and saw 4 of its levels.

You collected 28 gold pieces.

Inventory:

Hand Weapons
 a - a +1 dagger {starter dagger}
 e - a +0 hand axe (weapon) {banned axe}
Armour
 b - a +1 robe (worn) {roeb}
Jewellery
 h - a +4 ring of strength (left hand) {strengh reng}
Books
 c - a book of Maledictions

   Spells                             Type                      Level
   a - Corona                         Hexes                        1
   b - Ensorcelled Hibernation        Hexes/Ice                    2
   c - Confuse                        Hexes                        3
   d - Tukima's Dance                 Hexes                        3
   e - Dazzling Spray                 Conjuration/Hexes            3
Comestibles
 d - 4 bread rations
 j - 5 slices of pizza


   Skills:
 + Level 0.1 Fighting
 + Level 1.5 Short Blades
 + Level 0.2 Axes
 + Level 3.0 Dodging
 + Level 4.8 Stealth
 + Level 3.1 Spellcasting
 + Level 4.1 Hexes


You had 7 spell levels left.
You knew the following spells:

 Your Spells              Type           Power        Failure   Level  Hunger
a - Corona                Hex            ##.....      4%          1    #......


Dungeon Overview and Level Annotations

Branches:
Dungeon (4/15)
 Temple: D:4-7

Altars:

Annotations:
D:4 Pikel


Innate Abilities, Weirdness & Mutations

You are very small and have problems with some larger weapons.
You are too small for most types of armour.
You have supernaturally acute eyesight. (SInv)
You are a herbivore.
You cover ground extremely quickly.
You need consume almost no food.
You have a pair of small horns on your head.
You are partially covered in molten scales. (AC +2)
Your movements are slightly less encumbered by armour. (ER -2)


Message History

The bullfrog completely misses you. The orc barely misses you.
You closely miss the bullfrog.
The bullfrog is severely wounded.
You hit the orc but do no damage. The bullfrog closely misses you.
The orc completely misses you. The bullfrog completely misses you.
You barely miss the bullfrog.
The bullfrog is severely wounded.
You barely miss the orc. The bullfrog closely misses you.
The orc barely misses you. The bullfrog barely misses you.
You miss the bullfrog.
The bullfrog is severely wounded.
You closely miss the orc. The bullfrog hits you. The orc misses you.
The bullfrog hits you but does no damage.
The orc hits you but does no damage.
You barely miss the bullfrog.
The bullfrog is severely wounded.
You hit the orc but do no damage. The bullfrog hits you.
* * * LOW HITPOINT WARNING * * *
The orc completely misses you. The bullfrog hits you.
You die...

#####...K####
............#
#####....##.#
#######.# #.#
###.#####
#...K..K#
#######o# #@#
#F#


.Ko ..... ....... ......... ........... ............. You could see a bullfrog,
2 orcs and 2 kobolds.

Vanquished Creatures
  An ooze (D:1)
  A worm (D:2)
  A leopard gecko (D:1)
  2 bats (D:1)
  2 giant cockroaches (D:1)
  3 goblins (D:1)
  2 hobgoblins
  3 kobolds (D:1)
  A quokka (D:1)
  A frilled lizard (D:1)
  2 rats (D:1)
19 creatures vanquished.

Notes
Turn   | Place    | Note
-------+----------+-------------------------------------------
     0 | D:1      | dittoslash the Spriggan Enchanter began the quest for the Orb.
     0 | D:1      | Reached XP level 1. HP: 9/9 MP: 5/5
   228 | D:1      | Gained mutation: You have a pair of small horns on your head. [potion of mutation]
   228 | D:1      | Gained mutation: Your movements are slightly less encumbered by armour. (ER -2) [potion of mutation]
   228 | D:1      | Gained mutation: You are partially covered in molten scales. (AC +2) [potion of mutation]
   289 | D:1      | Reached XP level 2. HP: 13/13 MP: 6/6
  1113 | D:2      | Reached XP level 3. HP: 16/16 MP: 8/8
  1123 | D:2      | You fall through a shaft for 2 floors!
  1123 | D:4      | Noticed Pikel
  1123 | D:4      | Noticed a slave
  1123 | D:4      | Noticed a slave
  1208 | D:3      | Noticed a bullfrog
  1223 | D:3      | Slain by a bullfrog

Skill      XL: |  1  2 |
---------------+-------+-----
Hexes          | 4 |  4.1
Spellcasting   | 3 |  3.1
Fighting       | |  0.1
Short Blades   | |  1.5
Axes           | |  0.2
Dodging        | |  3.0
Stealth        | |  4.8

Action                   || total
-------------------------++-------
Melee: Dagger            ||    29
       Headbutt          ||    12
       Hand axe          ||    51
 Cast: Corona            ||     3
  Use: Potion            ||     3
       Scroll            ||     1
 Stab: Sleeping          ||     2
Armor: Robe              ||    20
Dodge: Dodged            ||   126
